 Dungeon Crawl Stone Soup version 0.26-b1-32-g5d43845318 (webtiles) character file.

Game seed: 8559520919397509893

773 mopl the Cleaver (level 7, -1/64 HPs)
             Began as a Minotaur Berserker on Jan 11, 2021.
             Was a Priest of Trog.
             Succumbed to an orc priest's poison
             ... on level 4 of the Dungeon.
             The game lasted 00:04:41 (3312 turns).

mopl the Cleaver (Minotaur Berserker)               Turns: 3312, Time: 00:04:42

Health: -1/64      AC: 16    Str: 22    XL:     7   Next: 53%
Magic:  6/6        EV:  4    Int:  4    God:    Trog [***...]
Gold:   200        SH: 12    Dex: 11    Spells: 6/6 levels left

rFire    . . .     SeeInvis +   a - +1 hand axe
rCold    . . .     Faith    .   m - +0 kite shield
rNeg     . . .     Spirit   .   i - +0 plate armour
rPois    .         Reflect  +   s - +2 hat
rElec    .         Harm     .   o - +0 cloak
rCorr    .         Rampage  .   (no gloves)
Will     .....                  y - +0 pair of boots
Stlth    ..........             l - amulet of reflection
HPRegen  0.20/turn              v - ring of see invisible
MPRegen  0.10/turn              w - +4 ring of slaying

@: mighty, lethally poisoned (-1 -> -27), berserk cooldown, slowed, very slow
A: retaliatory headbutt, horns 2
a: Renounce Religion, Berserk, Trog's Hand


You were on level 4 of the Dungeon.
You worshipped Trog.
Trog was most pleased with you.
You visited 1 branch of the dungeon, and saw 4 of its levels.

You collected 200 gold pieces.

Inventory:

Hand Weapons
 a - a +1 hand axe (weapon)
 d - a +2 trident of venom
Missiles
 t - 13 boomerangs
Armour
 i - a +0 plate armour (worn)
 m - a +0 kite shield (worn)
 o - a +0 cloak (worn)
 s - a +2 hat (worn)
 y - a +0 pair of boots (worn)
 z - a +2 ring mail of cold resistance
Jewellery
 l - an amulet of reflection (around neck)
 q - an uncursed ring of ice
 v - a ring of see invisible (left hand)
 w - a +4 ring of slaying (right hand)
Scrolls
 f - 2 scrolls of fog
 g - 2 scrolls of teleportation
 p - a scroll of enchant weapon
 r - 2 scrolls of magic mapping {unknown}
 u - 2 scrolls of remove curse
 x - a scroll of enchant armour
 A - a scroll of amnesia {unknown}
Potions
 b - 3 potions of might
 c - 2 potions of haste
 e - 2 potions of ambrosia {unknown}
 h - 3 potions of curing {unknown}
 j - a potion of invisibility
 k - a potion of flight {unknown}
 n - 2 potions of heal wounds {unknown}
 B - a potion of resistance {unknown}


   Skills:
 + Level 6.6 Fighting
 * Level 8.7 Axes
 + Level 3.9 Armour
 - Level 2.1 Dodging


You had 6 spell levels left.
You didn't know any spells.
Your spell library was empty.

Dungeon Overview and Level Annotations

Branches:
Dungeon (4/15)
 Temple: D:4-7

Altars:
Nemelex Xobeh
Sif Muna


Innate Abilities, Weirdness & Mutations

You reflexively headbutt those who attack you in melee.
You have a pair of horns on your head.


Message History

Pain shoots through your body!
* * * LOW HITPOINT WARNING * * *
You barely miss the orc priest. Your headbutt misses the orc priest.
The orc priest is lightly wounded.
You feel sick.
The orc priest hits you but does no damage.
You are more poisoned.
You slash the orc priest! You headbutt the orc priest.
The orc priest is severely wounded.
* * * LOW HITPOINT WARNING * * *
You feel sick.
The orc priest mumbles some strange prayers to Beogh against you.
Pain shoots through your body!
* * * LOW HITPOINT WARNING * * *
The orc priest hits you with a +0 hand axe of venom.
* * * LOW HITPOINT WARNING * * *
You are more poisoned.
It was a potion of might.
You feel very mighty all of a sudden.
You die...

########## ###........#
#.+........# #.#........#
#.......#+##########
#..........)@o......
#..####.#.##########
#..#..#.#.#
#..#..#.#.########
#..#..#.#.)).....############
#>........)..................
##.#.<#...)###...########....
#.#.##....# #.### ####.##.
#.#.......# #.# #.....#.


You could see an orc priest.

Vanquished Creatures
  An orc warrior (D:4)
  2 ogres (D:4)
  4 orc priests
  2 orc wizards (D:4)
  A bullfrog skeleton (D:4)
  A gnoll shaman (D:3)
  Jessica (D:2)
  An iguana (D:4)
  Terence (D:3)
  A worker ant (D:4)
  5 gnolls (D:3)
  3 adders
  An ooze (D:2)
  4 worms (D:2)
  2 dart slugs
  4 leopard geckos
  12 orcs
  7 bats
  2 giant cockroaches
  4 goblins
  4 hobgoblins
  2 jackals (D:1)
  A quokka (D:3)
  A ball python (D:3)
  7 frilled lizards
  7 kobolds
  11 rats
92 creatures vanquished.

Notes
Turn   | Place    | Note
-------+----------+-------------------------------------------
     0 | D:1      | mopl the Minotaur Berserker began the quest for the Orb.
     0 | D:1      | Reached XP level 1. HP: 19/19 MP: 0/0
    38 | D:1      | Reached skill level 4 in Axes
    86 | D:1      | Reached XP level 2. HP: 25/27 MP: 1/1
   725 | D:2      | Found a shimmering blue altar of Sif Muna.
   970 | D:2      | Reached XP level 3. HP: 33/33 MP: 2/2
   972 | D:2      | Reached ** piety under Trog
  1020 | D:2      | Noticed Jessica
  1030 | D:2      | Killed Jessica
  1031 | D:2      | Reached skill level 5 in Axes
  1322 | D:2      | Reached XP level 4. HP: 40/41 MP: 3/3
  1772 | D:2      | Found a sparkling altar of Nemelex Xobeh.
  2068 | D:3      | Reached skill level 5 in Fighting
  2068 | D:3      | Reached skill level 6 in Axes
  2068 | D:3      | Reached XP level 5. HP: 41/48 MP: 4/4
  2070 | D:3      | Reached *** piety under Trog
  2354 | D:3      | Noticed Terence
  2359 | D:3      | Killed Terence
  2736 | D:4      | Noticed an ogre
  2740 | D:4      | Killed an ogre
  2741 | D:4      | Reached skill level 7 in Axes
  2741 | D:4      | Reached XP level 6. HP: 57/57 MP: 5/5
  3223 | D:4      | Reached skill level 8 in Axes
  3223 | D:4      | Reached XP level 7. HP: 63/63 MP: 6/6
  3311 | D:4      | HP: 3/64 [orc priest/+0 hand axe of venom (1)]
  3312 | D:4      | Succumbed to an orc priest's poison

Illustrated notes

Levels and vault maps discovered:
D:1:      roderic_crossed_star, layout_basic
D:2:      minmay_angry_zag, layout_rooms, overflow_temple_1_default,
          nemelex_dance_club_becter, uniq_jessica
D:3:      layout_loops_ring, uniq_terence
D:4:      layout_basic, kennysheep_generic_room_2

Skill      XL: |  1  2  3  4  5  6 |
---------------+-------------------+-----
Axes           | 4 5 6 7 8 |  8.7
Fighting       | 4 5 6 |  6.6
Armour         | 3 |  3.9
Dodging        | |  2.1

Action                   |  1- 3 |  4- 6 |  7- 9 || total
-------------------------+-------+-------+-------++-------
Melee: Hand axe          |    65 |   134 |    18 ||   217
       Headbutt          |    10 |    22 |     3 ||    35
Invok: Berserk           |     2 |     6 |     1 ||     9
  Use: Scroll            |       |     7 |     1 ||     8
       Potion            |       |       |     1 ||     1
Armor: Animal skin       |     2 |       |       ||     2
       Leather armour    |    12 |    16 |       ||    28
       Chain mail        |       |     3 |       ||     3
       Plate armour      |       |    12 |     5 ||    17
Dodge: Dodged            |    28 |    29 |       ||    57
Block: Other             |     2 |       |       ||     2
       Reflection        |     1 |     1 |       ||     2
       Kite shield       |     6 |    99 |     4 ||   109
